 Dungeon Crawl Stone Soup version 0.23.0 (webtiles) character file.

Game seed: 10369937504302813211

359 Borgoz the Skirmisher (level 6, -4/53 HPs)
             Began as a Ghoul Monk on Feb 17, 2019.
             Slain by a worker ant (7 damage)
             ... on level 4 of the Dungeon.
             The game lasted 00:06:47 (3024 turns).

Borgoz the Skirmisher (Ghoul Monk)                  Turns: 3024, Time: 00:06:48

Health: -4/53      AC:  4    Str: 19    XL:     6   Next: 65%
Magic:  5/5        EV: 13    Int:  5    God:
Gold:   147        SH:  0    Dex: 13    Spells: 5/5 levels left

rFire    . . .     SeeInvis .   a - +0 short sword
rCold    + . .     Gourm    .   (no shield)
rNeg     + + +     Faith    .   e - +0 leather armour
rPois    ∞         Spirit   .   (no helmet)
rElec    .         Reflect  .   d - +0 cloak
rCorr    .         Harm     .   (no gloves)
MR       .....                  (no boots)
Stlth    ++........             (no amulet)
HPRegen  0.00/turn              g - +4 ring of strength
MPRegen  0.09/turn              (no ring)

@: about to teleport, rotting
A: rotting body, claws 1, carnivore, cold resistance 1, negative energy
resistance 3, inhibited regeneration, torment resistance, unbreathing
a: no special abilities


You were on level 4 of the Dungeon.
You were not hungry.

You visited 1 branch of the dungeon, and saw 4 of its levels.

You collected 147 gold pieces.

Inventory:

Hand Weapons
 a - a +0 short sword (weapon)
Armour
 d - a +0 cloak (worn)
 e - a +0 leather armour (worn)
Jewellery
 g - a +4 ring of strength (left claw)
 p - an uncursed ring of ice
Scrolls
 q - 2 scrolls of magic mapping
Potions
 f - a potion of haste
 h - a potion of ambrosia
 j - a potion of flight {unknown}
 k - 2 potions of brilliance
 l - 4 potions of curing
 n - a potion of lignification
Comestibles
 c - 6 rations
 o - a chunk of flesh


   Skills:
 + Level 4.5 Fighting
 + Level 3.8 Short Blades
 + Level 2.3 Armour
 + Level 3.8 Dodging
 + Level 4.0 Stealth


You had 5 spell levels left.
You didn't know any spells.
Your spell library was empty.

Dungeon Overview and Level Annotations

Branches:
Dungeon (4/15)
 Temple: D:4-7

Altars:


Innate Abilities, Weirdness & Mutations

Your body is rotting away.
You thrive on raw meat.
You are immune to poison.
You have sharp fingernails.
You are carnivorous and can eat meat at any time.
Your flesh is cold resistant. (rC+)
You are immune to negative energy. (rN+++)
You do not regenerate when monsters are visible.
You are immune to unholy pain and torment.
You can survive without breathing.


Message History

The scorpion is severely wounded.
The orc priest invokes the aid of Beogh against you.
Beogh smites you! The worker ant barely misses you.
The scorpion barely misses you.
The orc priest mumbles some strange prayers to Beogh against you.
Beogh smites you!
* * * LOW HITPOINT WARNING * * *
The phantom barely misses you.
Eat one of 2 chunks of flesh? (ye/n/q)
You eat one of the 2 chunks of flesh.
This raw flesh tastes great!
The worker ant barely misses you. The phantom misses you.
The orc priest calls down the wrath of Beogh upon you.
Beogh smites you!
* * * LOW HITPOINT WARNING * * *
The worker ant bites you.
* * * LOW HITPOINT WARNING * * *
As you read the scroll labeled MANLYG COTZ, it crumbles to dust.
You feel strangely unstable.
It was a scroll of teleportation.
The phantom barely misses you. The worker ant bites you!
You die...

.###...## . <....... ##.
#....... ######## #..
#....).. #......# #.#
##....... #......# #o#
####...†.... #..[...###
#.###....#....#.
#........###ooo..####..#...
#......#(W@#÷o#### ...W...
#......###.aso# #.......
###.#### ####..# #.......
####÷# ##.... ########
#....# ###.. #.#### # #.# #
#.#### ##. #..÷.# #..


You could see a phantom, a scorpion, a worker ant and an orc.

Vanquished Creatures
  A bullfrog (D:4)
  2 howler monkeys (D:4)
  A hound (D:4)
  Natasha (D:4)
  2 worker ants (D:4)
  3 adders
  An ooze (D:1)
  2 worms
  3 dart slugs
  5 leopard geckos
  4 bats
  6 giant cockroaches
  8 goblins
  9 hobgoblins
  8 jackals
  2 quokkas
  A ball python (D:3)
  4 frilled lizards
  7 kobolds
  2 quokka skeletons (D:4)
  3 rats
75 creatures vanquished.

Notes
Turn   | Place    | Note
-------+----------+-------------------------------------------
     0 | D:1      | Borgoz the Ghoul Monk began the quest for the Orb.
     0 | D:1      | Reached XP level 1. HP: 19/19 MP: 0/0
    75 | D:1      | Reached XP level 2. HP: 22/26 MP: 1/1
   410 | D:1      | Reached XP level 3. HP: 30/31 MP: 2/2
   876 | D:2      | Reached skill level 1 in Armour
  1381 | D:2      | Reached XP level 4. HP: 36/38 MP: 3/3
  2338 | D:3      | Reached XP level 5. HP: 34/46 MP: 4/4
  2764 | D:4      | Noticed Natasha
  2790 | D:4      | Reached XP level 6. HP: 15/53 MP: 5/5
  2807 | D:4      | Killed Natasha
  2968 | D:4      | Noticed a phantom
  3024 | D:4      | Slain by a worker ant

Skill      XL: |  1  2  3  4  5  6 |
---------------+-------------------+-----
Dodging        | 3 |  3.8
Short Blades   | 3 |  3.8
Armour         | 1 2 |  2.3
Stealth        | 3 4 |  4.0
Fighting       | 4 |  4.5

Action                   |  1- 3 |  4- 6 || total
-------------------------+-------+-------++-------
Melee: Short sword       |   117 |   289 ||   406
  Use: Potion            |     1 |     5 ||     6
       Scroll            |       |     9 ||     9
 Stab: Sleeping          |     5 |     7 ||    12
  Eat: Chunk             |    15 |    16 ||    31
Armor: Robe              |     9 |    15 ||    24
       Leather armour    |       |    38 ||    38
Dodge: Dodged            |    77 |   202 ||   279
